 Dungeon Sprint DCSS version 0.30-a0-304-gdc4b735fe1 (webtiles) character file.

Game seed: 6950927640170342302

26 Low2 the Ruffian (level 2, -8/23 HPs)
             Began as a Draconian Transmuter on Oct 20, 2022.
             Mangled by an ogre
             ... wielding a +0 giant club
              (31 damage)
             ... in the Dungeon (Sprint I: "Red Sonja").
             The game lasted 00:00:45 (70 turns).

Low2 the Ruffian (Draconian Transmuter)               Turns: 70, Time: 00:00:46

Health: -8/23      AC:  4    Str: 12    XL:     2   Next: 89%
Magic:  3/5        EV: 12    Int: 13    God:
Gold:   0          SH:  0    Dex: 11    Spells: 5/6 levels left

rFire   . . .      SeeInvis .      - Unarmed
rCold   . . .      Faith    .    (no shield)
rNeg    . . .      Spirit   .    (body armour unavailable)
rPois   .          Reflect  .    (helmet currently unavailable)
rElec   .          Harm     .    (no cloak)
rCorr   .          Rampage  .    (no gloves)
Will    .....      NoTele   +    (boots currently unavailable)
Stlth   +.........               (no amulet)
HPRegen 0.23/turn                (no ring)
MPRegen 0.09/turn                (no ring)

@: appendages, very slightly contaminated
A: horns 2, talons 2, AC +4, unfitting armour, cold-blooded
a: End Transformation


You were in the Dungeon.
You had temporarily grown beastly horns and talons.
You visited 1 branch

Inventory:

Wands
 a - a wand of mindburst (11)
Scrolls
 g - a scroll of blinking
Potions
 b - a potion of curing
 c - a potion of heal wounds
 d - a potion of haste
 e - 2 potions of magic
 f - a potion of berserk rage


   Skills:
 + Level 1.1 Fighting
 + Level 2.6 Dodging
 + Level 5.2 Unarmed Combat
 + Level 2.9 Spellcasting
 + Level 2.8 Transmutations


You had 5 spell levels left.
You knew the following spells:

 Your Spells              Type           Power      Damage    Failure   Level
a - Beastly Appendage     Tmut           18%        N/A       8%          1

Your spell library contained the following spells:

 Spells                   Type           Power      Damage    Failure   Level
 Wereblood                Tmut           9%         N/A       11%         2
 Spider Form              Tmut/Pois      5%         N/A       36%         3
 Ice Form                 Ice/Tmut       5%         N/A       78%         4


Dungeon Overview and Level Annotations

Branches:
Dungeon (1/1)

Altars:


Innate Abilities, Weirdness & Mutations

You have temporarily grown beastly horns and talons.
Your plain brown scales are hard. (AC +4)
You cannot fit into any form of body armour.
You are cold-blooded and may be slowed by cold attacks.


Message History

You have reached level 2!
You start resting.
Your transformation is almost over.
You feel less wooden.
You start resting.
Magic restored.
You start resting.
HP restored.
a - a wand of mindburst (11)
Things that are here:
a +0 dagger; a +0 ring mail You open the door.
An ogre comes into view. It is wielding a +0 giant club.
The ogre shouts!
Casting: Beastly Appendage (safe; 8% risk of failure)
Press: ? - help, Q - select action, (/) - cycle Dir - look around, f - activate You miscast Beastly Appendage.
You are very lightly contaminated with residual magic.
Nothing appears to happen.
Casting: Beastly Appendage (safe; 8% risk of failure)
Press: ? - help, Q - select action, (/) - cycle Dir - look around, f - activate You grow a pair of large bovine horns.
Your feet morph into talons.
The ogre barely misses you.
You barely miss the ogre. Your kick misses the ogre. You headbutt the ogre.
The ogre is lightly wounded.
You barely miss the ogre. You tail-slap the ogre.
The ogre is moderately wounded.
The ogre closely misses you.
You punch the ogre! Your kick misses the ogre. You headbutt the ogre.
You tail-slap the ogre, but do no damage.
The ogre is heavily wounded.
The ogre closely misses you.
You hit the ogre.
You tail-slap the ogre, but do no damage.
The ogre is severely wounded.
You hit the ogre. You claw the ogre.
The ogre is almost dead.
The ogre hits you with a +0 giant club!!
Ouch! That really hurt!
You die...

##########
#<.#.@O..#
#..').#..+
#..#### +#
#..# #..#
#..# #⌠⌠#
####


You could see an ogre.

Vanquished Creatures
  Ijyb (D)
1 creature vanquished.

Notes
Turn   | Place    | Note
-------+----------+-------------------------------------------
     0 | D        | Low2 the Draconian Transmuter began the quest for the Orb.
     0 | D        | Reached XP level 1. HP: 16/16 MP: 3/3
     2 | D        | Noticed Ijyb
    12 | D        | Killed Ijyb
    13 | D        | Reached skill level 5 in Unarmed Combat
    13 | D        | Reached XP level 2. HP: 19/23 MP: 3/5
    63 | D        | Noticed an ogre
    70 | D        | Mangled by an ogre

Illustrated notes

Levels and vault maps discovered:
D:        dungeon_sprint_1 [red_sonja_temple_1, red_sonja_temple_small_1]

Skill      XL: |  1 |
---------------+----+-----
Dodging        | 2 |  2.6
Unarmed Combat | 5 |  5.2
Fighting       | |  1.1
Spellcasting   | |  2.9
Transmutations | |  2.8

Action                   || total
-------------------------++-------
Melee: Unarmed           ||    13
       Tailslap          ||     3
       Headbutt          ||     2
       Kick              ||     1
 Cast: Beastly Appendage ||     1
  Use: Potion            ||     1
Armor: Skin              ||     5
Dodge: Dodged            ||     3

Table legend: (Time is in decaauts)
 A = Elapsed time spent in this place.
 B = Non-inter-level travel time spent in this place.
 C = Inter-level travel time spent in this place.
 D = Time resting spent in this place.
 E = Time spent auto-exploring this place.
 F = Levels seen in this place.
 G = Mean time per level.
                   A        B        C        D        E       F      G
               +--------+--------+--------+--------+--------+-----+--------+
         Total |     69 |     69 |      0 |     46 |      0 |   1 |   69.0 |
       Dungeon |     69 |     69 |      0 |     46 |      0 |   1 |   69.0 |
               +--------+--------+--------+--------+--------+-----+--------+

Top non-repeatable levels by time:
       D: 69 daAuts
